 Dungeon Crawl Stone Soup version 0.28-a0-511-gcc94558de3 (webtiles) character file.

Game seed: 12145871339193292376

9 willcat the Sneak (level 2, -3/21 HPs)
             Began as an Octopode Delver on Sept 21, 2021.
             Was an Initiate of Makhleb.
             Killed by divine providence
             ... invoked by an orc priest
              (14 damage)
             ... on level 5 of the Dungeon.
             The game lasted 00:00:13 (124 turns).

willcat the Sneak (Octopode Delver)                  Turns: 124, Time: 00:00:14

Health: -3/21      AC:  1    Str: 11    XL:     2   Next: 12%
Magic:  2/2        EV: 13    Int: 12    God:    Makhleb [......]
Gold:   12         SH:  0    Dex: 13    Spells: 1/1 levels left

rFire   . . .      SeeInvis .   a - +0 short sword
rCold   . . .      Faith    .   (no shield)
rNeg    . . .      Spirit   .   (helmet restricted)
rPois   .          Reflect  .   (no amulet)
rElec   .          Harm     .   (no ring)
rCorr   .          Rampage  .   (no ring)
Will    .....                   (no ring)
Stlth   ++++......              (no ring)
HPRegen 0.07/turn               (no ring)
MPRegen 0.08/turn               (no ring)
                                (no ring)
                                (no ring)

@: no status effects
A: almost no armour, amphibious, 8 rings, camouflage 1, gelatinous body 1,
(nimble swimmer 1), tentacles
a: Renounce Religion


You were on level 5 of the Dungeon.
You worshipped Makhleb.
Makhleb was noncommittal.
You visited 1 branch of the dungeon, and saw 1 of its levels.

You collected 12 gold pieces.

Inventory:

Hand Weapons
 a - a +0 short sword (weapon)
Wands
 f - a wand of digging (3)
Scrolls
 b - a scroll of fog
 c - a scroll of magic mapping
 d - a scroll of fear
 g - a scroll of identify {unknown}
 h - a scroll of blinking {unknown}
Potions
 e - a potion of haste
 i - a potion of attraction {unknown}
 j - a potion of lignification {unknown}


   Skills:
 - Level 3.0 Fighting
 + Level 2.2 Short Blades
 + Level 2.2 Dodging
 + Level 6.8 Stealth


You had one spell level left.
You didn't know any spells.
Your spell library was empty.

Dungeon Overview and Level Annotations

Branches:
Dungeon (5/15)
 Temple: D:4-7

Altars:
Makhleb


Innate Abilities, Weirdness & Mutations

You cannot wear most types of armour.
You are amphibious.
You can wear up to eight rings at the same time.
Your skin changes colour to match your surroundings (Stealth+).
Your rubbery body absorbs attacks. (AC +1, EV +1)
((You are camouflaged near water. (Stealth+)))
You have tentacles for arms and can constrict up to eight enemies at once.


Message History

You open the door.
There is an open door here.
Found an escape hatch in the floor.
An adder comes into view.
Found a scroll labelled SUOSIE HYVANECS.
An adder is nearby!
An adder is nearby!
The helpless adder fails to defend itself.
You impale the adder!!
You kill the adder!
Makhleb accepts your kill.
You have reached level 2!
You see here an adder corpse.
h - a scroll labelled SUOSIE HYVANECS
There is an escape hatch in the floor here.
You open the door.
There is an open door here.
Found 7 stones.
You see here 7 stones.
i - a murky inky potion
j - a bubbling silvery potion 2 orcs come into view.
Found a stone staircase leading up.
There are monsters nearby!
An orc priest comes into view. It is wielding a +0 club.
Found a dagger.
The orc shouts!
You hear a shout!
An orc comes into view. It is wielding a +1 dagger of speed.
The orc priest shouts!
You hear a shout!
An orc priest comes into view. It is wielding a +0 falchion.
The orc shouts!
The orc priest shouts!
The orc priest moves out of view.
The orc priest mumbles some strange prayers to Beogh against you.
Beogh smites you!
The orc shouts!
The orc priest invokes the aid of Beogh against you.
Beogh smites you!
Ouch! That really hurt!
You die...

#.#...##.####
#.#.....<....
#.#..o.#...o #.#o#o.#.###
#.#o#...... #.#.#..#.####
##########.#.#........
#.......##.#o#....####
#.......##.#..@.......
#.....†.##.#####..####
+......>##.# ....
#.......##.# ### ##.#
#.......##(###∩### #
#.......##.#.._..#
#.......##.#....####.####
#.......##.#.....>.......
#.......'..#....####.####


You could see an orc priest and 2 orcs.

Vanquished Creatures
  An adder (D:5)
1 creature vanquished.

Notes
Turn   | Place    | Note
-------+----------+-------------------------------------------
     0 | D:5      | willcat the Octopode Delver began the quest for the Orb.
     0 | D:5      | Reached XP level 1. HP: 16/16 MP: 1/1
     5 | D:5      | Became a worshipper of Makhleb the Destroyer
    76 | D:5      | Reached XP level 2. HP: 21/21 MP: 2/2
   124 | D:5      | Killed from afar by an orc priest

Illustrated notes

Levels and vault maps discovered:
D:5:      layout_basic, makhleb_heckhound_becter, eino_curves_01, minivault_14

Action                   || total
-------------------------++-------
Melee: Short sword       ||     1
 Stab: Sleeping          ||     1

Table legend: (Time is in decaauts)
 A = Elapsed time spent in this place.
 B = Non-inter-level travel time spent in this place.
 C = Inter-level travel time spent in this place.
 D = Time resting spent in this place.
 E = Time spent auto-exploring this place.
 F = Levels seen in this place.
 G = Mean time per level.
                   A        B        C        D        E       F      G
               +--------+--------+--------+--------+--------+-----+--------+
         Total |    124 |    124 |      0 |      0 |     97 |   1 |  124.0 |
       Dungeon |    124 |    124 |      0 |      0 |     97 |   1 |  124.0 |
               +--------+--------+--------+--------+--------+-----+--------+

Top non-repeatable levels by time:
     D:5: 124 daAuts
